 Dungeon Crawl Stone Soup version 0.27-a0-1532-gca18f49f40 (webtiles) character file.

Game seed: 17476840863366019941

84 lmSkywalker the Skirmisher (level 4, -6/39 HPs)
             Began as a Palentonga Fighter on July 12, 2021.
             Killed by divine providence
             ... invoked by an orc priest
              (14 damage)
             ... on level 3 of the Dungeon.
             The game lasted 00:07:03 (2278 turns).

lmSkywalker the Skirmisher (Palentonga Fighter)     Turns: 2278, Time: 00:07:04

Health: -6/39      AC:  6    Str: 20    XL:     4   Next: 23%
Magic:  4/4        EV:  5    Int:  9    God:
Gold:   98         SH:  9    Dex:  9    Spells: 3/3 levels left

rFire    . . .     SeeInvis +   a - +0 war axe
rCold    . . .     Faith    .   c - +0 kite shield
rNeg     . . .     Spirit   .   b - +0 scale mail
rPois    .         Reflect  .   (no helmet)
rElec    .         Harm     .   (no cloak)
rCorr    .         Rampage  .   (no gloves)
Will     .....                  (no barding)
Stlth    ..........             (no amulet)
HPRegen  0.13/turn              (no ring)
MPRegen  0.09/turn              (no ring)

@: mighty
A: large, rugged brown scales 3, see invisible, deformed body, roll 1, armoured
tail
a: Rolling Charge


You were on level 3 of the Dungeon.
You visited 1 branch of the dungeon, and saw 3 of its levels.

You collected 98 gold pieces.

Inventory:

Hand Weapons
 a - a +0 war axe (weapon)
 i - a +0 short sword of speed
Armour
 b - a +0 scale mail (worn)
 c - a +0 kite shield (worn)
Scrolls
 e - a scroll of magic mapping {unknown}
 h - 4 scrolls of amnesia {unknown}
Potions
 f - a potion of mutation {unknown}
 g - 2 potions of flight {unknown}


   Skills:
 + Level 3.6 Fighting
 + Level 2.7 Axes
 + Level 2.9 Armour
 + Level 3.0 Shields


You had 3 spell levels left.
You didn't know any spells.
Your spell library contained the following spells:

 Spells                   Type           Power      Damage    Failure   Level
 Frozen Ramparts          Ice            0%         1d2       100%        3
 Ice Form                 Ice/Tmut       0%         N/A       100%        4
 Summon Ice Beast         Ice/Summ       0%         N/A       100%        4


Dungeon Overview and Level Annotations

Branches:
Dungeon (3/15)

Altars:


Innate Abilities, Weirdness & Mutations

You are completely covered in rugged brown scales. (AC +3, +7% HP)
You have supernaturally acute eyesight. (SInv)
Armour fits poorly on your strangely shaped body.
You can roll at nearby foes to attack.
You have a long armoured tail.


Message History

You block the adder's attack. You block the orc wizard's attack.
You barely miss the adder.
The adder is almost dead.
You hit the orc wizard but do no damage.
You feel sick.
You are no longer poisoned.
The adder bites you but does no damage. You block the orc wizard's attack.
The adder bites you.
You closely miss the adder.
The adder is almost dead.
You hit the orc wizard but do no damage.
The orc wizard hits you but does no damage.
The adder barely misses you.
The orc wizard hits you but does no damage.
The adder bites you but does no damage.
You miss the adder.
The adder is almost dead.
You slash the orc wizard! The adder bites you but does no damage.
The orc wizard gestures at you while chanting.
The magic dart hits you.
* * * LOW HITPOINT WARNING * * *
The adder bites you.
* * * LOW HITPOINT WARNING * * *
The orc priest calls upon Beogh to heal the orc wizard.
The orc wizard is healed somewhat.
You slash the adder!
You kill the adder!
You barely miss the orc wizard.
The orc wizard hits you with a +0 dagger.
* * * LOW HITPOINT WARNING * * *
The orc wizard barely misses you.
You feel very mighty all of a sudden.
The orc wizard hits you but does no damage.
You barely miss the orc wizard.
Your tail-slap misses the orc wizard.
The orc wizard is lightly wounded.
The orc wizard gestures at you while chanting.
You resist with some effort.
The orc priest mumbles some strange prayers to Beogh against you.
Beogh smites you!
You die...

...............
###..########## #..#
##.#
#.###########+#######
#(...#.....#.........
#.#(.#..#..#.........
#.#..#..#..#....?....
#.#..#..#..##@#
#.##.##.##.##o#
#..#).#..#..#o#
#..#).#..#..#o#
#..#..#..#..#.#
#.....#....#
##########.# #.# #.#


You could see an orc priest and 2 orc wizards.

Vanquished Creatures
  Natasha (D:2)
  An adder (D:3)
  2 worms
  A dart slug (D:1)
  2 endoplasms (D:1)
  A giant cockroach (D:1)
  6 goblins
  6 hobgoblins
  3 jackals (D:1)
  5 kobolds
  2 quokkas (D:1)
  2 ball pythons
  A bat (D:2)
  5 frilled lizards
  2 rats (D:1)
40 creatures vanquished.

Vanquished Creatures (others)
  An endoplasm (D:1)
  A ball python (D:1)
2 creatures vanquished.

Grand Total: 42 creatures vanquished

Notes
Turn   | Place    | Note
-------+----------+-------------------------------------------
     0 | D:1      | lmSkywalker the Palentonga Fighter began the quest for the
                  | Orb.
     0 | D:1      | Reached XP level 1. HP: 19/19 MP: 1/1
   126 | D:1      | Reached XP level 2. HP: 25/25 MP: 2/2
   451 | D:1      | Found a faded altar of an unknown god.
   679 | D:2      | Reached XP level 3. HP: 26/31 MP: 3/3
   789 | D:2      | Noticed Natasha
   814 | D:2      | Killed Natasha
  2219 | D:3      | Reached XP level 4. HP: 37/37 MP: 4/4
  2278 | D:3      | Killed from afar by an orc priest

Illustrated notes

Levels and vault maps discovered:
D:1:      dpeg_arrival_short_road, layout_basic,
          hellmonk_ecumenical_altar_prayer_group, nrook_mini_vaults,
          lemuel_flame_loot_1
D:2:      kb_forest_paths, layout_loops_ring, uniq_natasha
D:3:      minmay_angry_zag, layout_basic, grunt_qazlal_clouds,
          hangedman_decor_diamond_cutter, minmay_shallow_snake_nest,
          uniq_jessica, uniq_grinder

Skill      XL: |  1  2  3  4 |
---------------+-------------+-----
Shields        | 3 |  3.0
Fighting       | |  3.6
Axes           | |  2.7
Armour         | |  2.9

Action                   |  1- 3 |  4- 6 || total
-------------------------+-------+-------++-------
Melee: War axe           |    91 |    20 ||   111
       Tailslap          |     3 |       ||     3
 Abil: Rolling Charge    |    22 |     4 ||    26
  Use: Potion            |       |     1 ||     1
Armor: Scale mail        |    34 |    15 ||    49
Dodge: Dodged            |    16 |     4 ||    20
Block: Kite shield       |    47 |    10 ||    57

Table legend: (Time is in decaauts)
 A = Elapsed time spent in this place.
 B = Non-inter-level travel time spent in this place.
 C = Inter-level travel time spent in this place.
 D = Time resting spent in this place.
 E = Time spent auto-exploring this place.
 F = Levels seen in this place.
 G = Mean time per level.
                   A        B        C        D        E       F      G
               +--------+--------+--------+--------+--------+-----+--------+
         Total |   2342 |   2247 |     95 |     19 |   1643 |   3 |  780.7 |
       Dungeon |   2342 |   2247 |     95 |     19 |   1643 |   3 |  780.7 |
               +--------+--------+--------+--------+--------+-----+--------+

Top non-repeatable levels by time:
     D:2: 1579 daAuts
     D:1: 659 daAuts
     D:3: 103 daAuts
